 Dungeon Crawl Stone Soup version 0.28-a0-1567-g1695149f81 (webtiles) character file.

Game seed: 4264769645743464026

15 frimble the Grasshopper (level 2, -8/22 HPs)
             Began as a Demonspawn Warper on Jan 19, 2022.
             Mangled by Sigmund (10 damage)
             ... on level 2 of the Dungeon.
             The game lasted 00:00:40 (1630 turns).

frimble the Grasshopper (Demonspawn Warper)         Turns: 1630, Time: 00:00:41

Health: -8/22      AC:  3    Str: 11    XL:     2   Next: 34%
Magic:  5/5        EV:  8    Int: 14    God:
Gold:   50         SH:  0    Dex: 12    Spells: 5/5 levels left

rFire   . . .      SeeInvis .     - Unarmed
rCold   . . .      Faith    .   (no shield)
rNeg    . . .      Spirit   .   a - +0 leather armour
rPois   .          Reflect  .   (no helmet)
rElec   .          Harm     .   (no cloak)
rCorr   .          Rampage  .   (no gloves)
Will    .....                   (no boots)
Stlth   +.........              (no amulet)
HPRegen 0.07/turn               (no ring)
MPRegen 0.09/turn               (no ring)

@: constricted, invisible
A: foul stench 1
a: no special abilities


You were on level 2 of the Dungeon.
You visited 1 branch of the dungeon, and saw 2 of its levels.

You collected 50 gold pieces.

Inventory:

Missiles
 c - 5 boomerangs of dispersal (quivered)
Armour
 a - a +0 leather armour (worn)
Scrolls
 b - a scroll of blinking
 e - a scroll of identify {unknown}
 f - a scroll of silence {unknown}


   Skills:
 + Level 2.1 Fighting
 + Level 1.2 Throwing
 + Level 1.2 Armour
 + Level 1.9 Dodging
 + Level 1.9 Unarmed Combat
 + Level 2.1 Spellcasting
 + Level 2.7 Translocations


You had 5 spell levels left.
You didn't know any spells.
Your spell library contained the following spells:

 Spells                   Type           Power      Damage    Failure   Level
 Blink                    Tloc           18%        N/A       16%         2
 Gell's Gravitas          Tloc           9%         N/A       30%         3
 Lesser Beckoning         Tloc           9%         N/A       30%         3
 Teleport Other           Tloc           9%         N/A       30%         3
 Manifold Assault         Tloc           9%         N/A       95%         5


Dungeon Overview and Level Annotations

Branches:
Dungeon (2/15)

Altars:

Annotations:
D:2 Sigmund


Innate Abilities, Weirdness & Mutations

You may rarely emit foul miasma when damaged in melee.


Message History

A ball python comes into view.
You hear some strange, mumbled words.
A magic dart appears from out of thin air!
The magic dart hits you.
Found 3 gold pieces.
Something hits you!
You emit a cloud of foul miasma!
The ball python barely misses you. The ball python grabs you.
The ball python constricts you.
You are too injured to fight recklessly!
You are too injured to fight recklessly!
You are too injured to fight recklessly!
You are too injured to fight recklessly!
You are too injured to fight recklessly!
You are too injured to fight recklessly!
You are too injured to fight recklessly!
You are too injured to fight recklessly!
You are too injured to fight recklessly!
You are too injured to fight recklessly!
You are too injured to fight recklessly!
You are too injured to fight recklessly!
You are too injured to fight recklessly!
You are too injured to fight recklessly!
You are too injured to fight recklessly!
You are too injured to fight recklessly!
You are too injured to fight recklessly!
You are too injured to fight recklessly!
You are too injured to fight recklessly!
You are too injured to fight recklessly!
You barely miss something.
The ball python hisses angrily.
The ball python bites you. The ball python constricts you. Something hits you!
* * * LOW HITPOINT WARNING * * *
You hit something.
The ball python bites you but does no damage.
The ball python constricts you.
* * * LOW HITPOINT WARNING * * *
It was a potion of invisibility.
You fade into invisibility!
The ball python barely misses you. The ball python constricts you.
Something hits you!
You die...

### ########## .!#
#.^....... #.#
#.######## #.# #.# # ###
#.# #.# # #..####.###.#
# ##.{#....##.#### #
#.S@.##........#####
#.Sl#..........<.....
#.....#####.###.##.#####
##._.# #.# #.##.# #
#.... #.# #.##.# # $..#
. #.# #.##.##### ..#
....##<###......... .#
#.............##
##..#..###.##...


You could see 2 ball pythons and a frilled lizard.

Vanquished Creatures
  2 endoplasms (D:1)
  A goblin (D:1)
  4 hobgoblins (D:1)
  A quokka (D:2)
  2 ball pythons
  3 bats
13 creatures vanquished.

Notes
Turn   | Place    | Note
-------+----------+-------------------------------------------
     0 | D:1      | frimble the Demonspawn Warper began the quest for the Orb.
     0 | D:1      | Reached XP level 1. HP: 16/16 MP: 3/3
    27 | D:1      | Reached skill level 1 in Armour
   194 | D:1      | Reached skill level 1 in Throwing
   628 | D:1      | Gained mutation: You may rarely emit foul miasma when
                  | damaged in melee. [demonic ancestry]
   628 | D:1      | Reached XP level 2. HP: 5/22 MP: 5/5
  1621 | D:2      | Noticed Sigmund
  1622 | D:2      | Found a faded altar of an unknown god.
  1629 | D:2      | HP: 1/22 [constriction (1)]
  1630 | D:2      | Mangled by Sigmund

Illustrated notes

Levels and vault maps discovered:
D:1:      amcnicky_arrival_feature_with_door, layout_basic,
          chequers_decorated_corner
D:2:      layout_loops_ring, nicolae_ecumenical_snake_handling,
          kennysheep_generic_room_10, uniq_robin, uniq_sigmund

Skill      XL: |  1 |
---------------+----+-----
Armour         | 1 |  1.2
Throwing       | 1 |  1.2
Fighting       | |  2.1
Dodging        | |  1.9
Unarmed Combat | |  1.9
Spellcasting   | |  2.1
Translocations | |  2.7

Action                   || total
-------------------------++-------
Melee: Unarmed           ||    69
  Use: Potion            ||     1
 Stab: Sleeping          ||     1
Armor: Leather armour    ||    25
Dodge: Dodged            ||    55

Table legend: (Time is in decaauts)
 A = Elapsed time spent in this place.
 B = Non-inter-level travel time spent in this place.
 C = Inter-level travel time spent in this place.
 D = Time resting spent in this place.
 E = Time spent auto-exploring this place.
 F = Levels seen in this place.
 G = Mean time per level.
                   A        B        C        D        E       F      G
               +--------+--------+--------+--------+--------+-----+--------+
         Total |   1627 |   1591 |     36 |      0 |   1450 |   2 |  813.5 |
       Dungeon |   1627 |   1591 |     36 |      0 |   1450 |   2 |  813.5 |
               +--------+--------+--------+--------+--------+-----+--------+

Top non-repeatable levels by time:
     D:1: 1429 daAuts
     D:2: 198 daAuts
